 Dungeon Crawl Stone Soup version 0.31-a0-698-g4a7cf283bb (webtiles) character file.

Game seed: 14771452547387213803

509 qw the Shooter (level 7, 0/44 HPs)
             Began as a Gargoyle Hunter on Sept 7, 2023.
             Slain by an ogre
             ... wielding a +0 giant club
              (26 damage)
             ... on level 4 of the Dungeon.
             The game lasted 00:01:13 (2680 turns).

qw the Shooter (Gargoyle Hunter)                    Turns: 2680, Time: 00:01:13

Health: 0/44       AC: 12    Str: 14    XL:     7   Next: 19%
Magic:  7/7        EV: 15    Int: 10    God:
Gold:   242        SH:  0    Dex: 15    Spells: 6/6 levels left

rFire   . . .        Y - +1 shortbow (heavy)
rCold   . . .        (shield currently unavailable)
rNeg    + . .        b - +0 ring mail
rPois   inf          (no helmet)
rElec   +            (no cloak)
rCorr   .            e - +0 pair of gloves
SInv    .            g - +0 pair of boots
Will    .....        j - amulet of regeneration
Stlth   +            d - +5 ring of evasion
HPRegen 1.07/turn    (no ring)
MPRegen 0.10/turn

%: no passive effects
@: no status effects
A: sickness immunity, AC +4, negative energy resistance 1, electricity
resistance, torment resistance 1, petrification resistance
a: no special abilities


You were on level 4 of the Dungeon.
You visited 1 branch of the dungeon, and saw 4 of its levels.

You collected 242 gold pieces.


Innate Abilities, Weirdness & Mutations

You are immune to sickness and miasma.
Your stone body is resilient. (AC +4)
You are immune to poison.
You resist negative energy. (rN+)
You are resistant to electric shocks. (rElec)
You are resistant to unholy torment.
You are immune to petrification.


   Skills:
 - Level 4.9 Fighting
 - Level 7.2 Ranged Weapons
 + Level 1.0 Armour
 - Level 1.5 Dodging
 - Level 1.1 Stealth


You had 6 spell levels left.
You didn't know any spells.
Your spell library was empty.

Inventory:

Hand Weapons
 Y - a +1 heavy shortbow (weapon)
Armour
 b - a +0 ring mail (worn)
 e - a +0 pair of gloves (worn)
 g - a +0 pair of boots (worn)
Jewellery
 d - a +5 ring of evasion (left hand)
 j - an amulet of regeneration (around neck)
Scrolls
 a - a scroll of identify
 l - a scroll of torment {unknown}
Potions
 c - a potion of lignification {unknown}
 f - 2 potions of curing
 h - a potion of invisibility {unknown}
 i - a potion of haste
 k - a potion of mutation

Dungeon Overview and Level Annotations

Branches:
Dungeon (4/15)
 Temple: D:4-7

Altars:
Sif Muna


Message History

HP restored.
Things that are here:
a +3 flail of protection; a +0 scale mail; the human corpse of Edmund As you open the door, it creaks loudly!
There is an open door here.
A goblin comes into view. It is wielding a +0 dagger.
The goblin shouts!
You shoot an arrow. The arrow closely misses the goblin.
The goblin hits you but does no damage.
An ogre comes into view. It is wielding a +0 giant club.
You shoot an arrow. The ogre shouts!
The arrow hits the goblin but does no damage.
The goblin hits you but does no damage.
You shoot an arrow. The arrow closely misses the goblin.
The goblin barely misses you. x2
You shoot an arrow. The arrow closely misses the goblin.
The goblin hits you but does no damage.
You shoot an arrow. The arrow hits the ogre!
The ogre is moderately wounded.
The ogre closely misses you.
You shoot an arrow. The arrow barely misses the ogre.
The ogre misses you.
You shoot an arrow. The arrow hits the ogre.
The ogre is heavily wounded.
The ogre barely misses you.
You shoot an arrow.
The arrow hits the ogre but does no damage.
The ogre is heavily wounded.
The ogre hits you with a +0 giant club!!
You shoot an arrow. The arrow barely misses the ogre.
The ogre closely misses you. The ogre hits you with a +0 giant club.
You shoot an arrow. The arrow hits the ogre.
The ogre is heavily wounded.
The ogre completely misses you.
You shoot an arrow. The arrow hits the ogre.
The ogre is severely wounded.
The ogre hits you with a +0 giant club!!
Ouch! That really hurt!
You die...

### .. #g
.#.###O#############
.......@............
.#.###.####.########
#. ##...## ..
#.....# ### ##...##
##.## #.# #.# #.#
#.# #.# ##'##


You could see an ogre and a goblin.

Vanquished Creatures
  Edmund (D:4)
  An ice beast (D:4)
  A black bear (D:4)
  2 iguanas (D:4)
  An orc wizard (D:3)
  5 adders
  A worm (D:2)
  3 dart slugs
  4 orcs
  7 ball pythons
  6 endoplasms
  2 giant cockroaches (D:1)
  6 goblins
  5 hobgoblins
  14 jackals
  5 quokkas
  7 bats
  3 frilled lizards
  2 kobolds (D:2)
  3 rats (D:2)
79 creatures vanquished.

Notes
Turn   | Place    | Note
-------+----------+-------------------------------------------
     0 | D:1      | qw the Gargoyle Hunter began the quest for the Orb.
     0 | D:1      | Reached XP level 1. HP: 12/12 MP: 1/1
     0 | D:1      | 0 ||| qw: Version: 0.3-a-76-g4403597
     0 | D:1      | 0 ||| qw: Game counter: 393
     0 | D:1      | 0 ||| qw: Melee chars always use a shield: true
     0 | D:1      | 0 ||| qw: God list: Okawaru
     0 | D:1      | 0 ||| qw: Allow faded altars: false
     0 | D:1      | 0 ||| qw: Do Orc after clearing Dungeon:15 true
     0 | D:1      | 0 ||| qw: Do second Lair branch before Depths: true
     0 | D:1      | 0 ||| qw: Lair rune preference: random
     0 | D:1      | 0 ||| qw: Goals: Normal
     0 | D:1      | 0 ||| PLANNING D:1-11
    24 | D:1      | 24 ||| Stepping ~*~*~tactically~*~*~ (retreating).
    26 | D:1      | 26 ||| Stepping ~*~*~tactically~*~*~ (retreating).
    27 | D:1      | 27 ||| Stepping ~*~*~tactically~*~*~ (retreating).
    28 | D:1      | 28 ||| Stepping ~*~*~tactically~*~*~ (retreating).
    29 | D:1      | 29 ||| Stepping ~*~*~tactically~*~*~ (retreating).
    30 | D:1      | 30 ||| Stepping ~*~*~tactically~*~*~ (retreating).
    42 | D:1      | HP: 3/12 [frozen (3)]
    43 | D:1      | Reached XP level 2. HP: 4/17 MP: 2/2
    47 | D:1      | HP: 2/17 [jackal (2)]
   266 | D:1      | Reached XP level 3. HP: 21/21 MP: 3/3
   287 | D:1      | Reached skill level 5 in Ranged Weapons
   503 | D:1      | 503 ||| READING scroll labelled WAUHOS YPSOWI.
   504 | D:1      | 504 ||| READING scroll labelled HEECVY FOASHRUQO.
   605 | D:1      | 605 ||| READING scroll labelled ESHAN MUTEROU.
   606 | D:1      | 606 ||| READING scroll labelled MYNLIL ZOUNOS.
   607 | D:1      | 607 ||| READING scroll labelled VOWEWY HACE.
   608 | D:1      | 608 ||| DROPPING scroll of butterflies.
   823 | D:2      | Reached skill level 3 in Fighting
   902 | D:2      | Found a faded altar of an unknown god.
  1046 | D:2      | Reached XP level 4. HP: 28/28 MP: 4/4
  1229 | D:2      | Identified the +4 hand axe of Faeni Lef {vamp, Str+5 Int-2
                  | SInv}
  1517 | D:2      | 1517 ||| UPGRADING to +0 pair of gloves.
  1522 | D:2      | 1522 ||| UPGRADING to +0 pair of boots.
  1527 | D:2      | 1527 ||| READING 3 scrolls labelled KOSOUM QAOWKOCKYO.
  1528 | D:2      | 1528 ||| READING scroll labelled YTUDOZ GUMMONN.
  1531 | D:2      | 1531 ||| READING scroll labelled ROIWUXTOGE.
  1532 | D:2      | 1532 ||| READING scroll labelled NIATAK WAIDEKA.
  1533 | D:2      | 1533 ||| READING scroll labelled YFUORUACWO.
  1534 | D:2      | 1534 ||| READING 2 scrolls of identify.
  1534 | D:2      | 1534 ||| IDENTIFYING orange potion
  1683 | D:3      | Found a shimmering blue altar of Sif Muna.
  1866 | D:3      | Reached skill level 1 in Armour
  1938 | D:3      | Reached XP level 5. HP: 30/32 MP: 5/5
  1949 | D:3      | Reached skill level 6 in Ranged Weapons
  2221 | D:3      | 2221 ||| UPGRADING to +0 ring mail.
  2231 | D:3      | 2231 ||| DROPPING +0 leather armour.
  2232 | D:3      | 2232 ||| UPGRADING to amulet of regeneration.
  2237 | D:3      | 2237 ||| UPGRADING to +5 ring of evasion.
  2238 | D:3      | 2238 ||| READING scroll labelled DODENAVVIMY.
  2239 | D:3      | 2239 ||| READING 3 scrolls of identify.
  2239 | D:3      | 2239 ||| IDENTIFYING pink potion
  2240 | D:3      | 2240 ||| READING 2 scrolls of identify.
  2240 | D:3      | 2240 ||| IDENTIFYING bubbling sapphire potion
  2265 | D:4      | 2265 ||| PLANNING OSSUARY
  2400 | D:4      | Noticed an ice beast
  2408 | D:4      | Killed an ice beast
  2409 | D:4      | Reached XP level 6. HP: 40/40 MP: 6/6
  2469 | D:4      | Noticed a black bear
  2474 | D:4      | Killed a black bear
  2593 | D:4      | Noticed Edmund
  2608 | D:4      | HP: 7/40 [Edmund/+3 flail of protection (8)]
  2609 | D:4      | HP: 2/40 [Edmund/+3 flail of protection (7)]
  2610 | D:4      | Killed Edmund
  2611 | D:4      | Reached skill level 7 in Ranged Weapons
  2611 | D:4      | Reached XP level 7. HP: 4/44 MP: 7/7
  2680 | D:4      | Slain by an ogre

Levels and vault maps discovered:
D:1:      ncdulo_halloftheorcs, layout_rooms, kennysheep_minor_cross
D:2:      layout_basic, shapermc_ecumenical_altar_gd, grunt_ministairs_1,
          minmay_pentomino_t2
D:3:      layout_basic, mainiacjoe_overflow_six_doors_small,
          kennysheep_decorative_pillar
D:4:      layout_loops_corners, enter_ossuary_5, uniq_edmund

Skill      XL: |  1  2  3  4  5  6 |
---------------+-------------------+-----
Ranged Weapons | 5 6 7 |  7.2
Fighting       | 3 4 |  4.9
Armour         | 1 |  1.0
Dodging        | |  1.5
Stealth        | |  1.1

Action                     |  1- 3 |  4- 6 |  7- 9 || total
---------------------------+-------+-------+-------++-------
   Fire: Shortbow          |   127 |   144 |    11 ||   282
    Use: Scroll            |     5 |     9 |       ||    14
 Armour: Leather armour    |    41 |    32 |       ||    73
         Ring mail         |       |    20 |     6 ||    26
  Dodge: Dodged            |    44 |    47 |     7 ||    98

Table legend:
 A = Non-vault XP
 B = Vault XP
 C = Vault XP percentage of total XP
 D = Non-vault monster count
 E = Vault monster count
 F = Vault count percentage of total count
                 A         B        C        D         E       F
            +---------+---------+-------+---------+---------+-------
      Total |     559 |     169 |  23.2 |      74 |       5 |   6.3
            +---------+---------+-------+---------+---------+-------
        D:1 |      57 |       0 |   0.0 |      28 |       0 |   0.0
        D:2 |      67 |       5 |   6.9 |      17 |       4 |  19.0
        D:3 |      98 |       0 |   0.0 |      20 |       0 |   0.0
        D:4 |     337 |     164 |  32.7 |       9 |       1 |  10.0
            +---------+---------+-------+---------+---------+-------
